 Dungeon Crawl Stone Soup version 0.28-a0-1518-gbe868bca14 (webtiles) character file.

Game seed: 16978042577397794794

366 mandarbmax the Ruffian (level 6, -2/63 HPs)
             Began as an Ogre Transmuter on Jan 16, 2022.
             Was a Believer of Wu Jian.
             Succumbed to Ijyb's poison
             ... while paralysed by Ijyb
             ... on level 3 of the Dungeon.
             The game lasted 00:06:20 (3170 turns).

mandarbmax the Ruffian (Ogre Transmuter)            Turns: 3170, Time: 00:06:21

Health: -2/63      AC:  2    Str: 15    XL:     6   Next: 68%
Magic:  4/10       EV:  5    Int: 16    God:    Wu Jian [**....]
Gold:   93         SH:  0    Dex: 14    Spells: 5/11 levels left

rFire   . . .      SeeInvis .     - Unarmed
rCold   . . .      Faith    .   (shield currently unavailable)
rNeg    . . .      Spirit   .   (armour currently unavailable)
rPois   x          Reflect  .   (helmet currently unavailable)
rElec   .          Harm     .   (cloak currently unavailable)
rCorr   .          Rampage  .   (gloves unavailable)
Will    .....                   (boots unavailable)
Stlth   +.........              (no amulet)
HPRegen 0.20/turn               i - ring of wizardry
MPRegen 0.12/turn               (no ring)

@: paralysed, lethally poisoned (-2 -> -38), spider-form (expiring), wereblooded
A: venomous fangs, tiny, unfitting armour, (tough skin 1)
a: End Transformation, Renounce Religion, Wall Jump


You were on level 3 of the Dungeon.
You worshipped Wu Jian.
Wu Jian was pleased with you.
You were a venomous arachnid creature.
You visited 1 branch of the dungeon, and saw 3 of its levels.

You collected 93 gold pieces.

Inventory:

Missiles
 e - 5 javelins
 l - 5 atropa-tipped darts
Armour
 a - a +0 robe (melded)
 o - an orb of mayhem (melded)
Jewellery
 i - a ring of wizardry (left front leg)
Wands
 c - a wand of flame (25)
Scrolls
 d - a scroll of amnesia {unknown}
 g - a scroll of enchant armour {unknown}
 j - a scroll of enchant weapon {unknown}
 k - 2 scrolls of teleportation {unknown}
 m - a scroll of brand weapon {unknown}
 p - a scroll of immolation {unknown}
Potions
 b - a potion of berserk rage
 f - 2 potions of attraction {unknown}
 h - a potion of resistance
 n - a potion of mutation {unknown}


   Skills:
 + Level 4.3 Fighting
 - Level 2.0 Dodging
 * Level 5.1 Unarmed Combat
 - Level 3.0 Spellcasting
 - Level 3.0 Transmutations


You had 5 spell levels left.
You knew the following spells:

 Your Spells              Type           Power      Damage    Failure   Level
a - Beastly Appendage     Tmut           24%        N/A       6%          1
b - Wereblood             Tmut           12%        N/A       9%          2
c - Spider Form           Tmut/Pois      7%         N/A       24%         3

Your spell library contained the following spells:

 Spells                   Type           Power      Damage    Failure   Level
 Ice Form                 Ice/Tmut       7%         N/A       52%         4


Dungeon Overview and Level Annotations

Branches:
Dungeon (3/15)

Altars:
Wu Jian

Annotations:
D:3 Ijyb


Innate Abilities, Weirdness & Mutations

You are a venomous arachnid creature.
You have poisonous fangs.
You are tiny and dextrous.
Your spellcasting is less reliable in this form.
Your armour is entirely melded.
You are incapable of wielding weapons or throwing items.
You are too large for most types of armour.
((You have tough skin. (AC +1)))


Message History

You suddenly lose the ability to move!
Ijyb zaps a wand.
You resist with some effort.
You can move again.
Unknown command.
Unknown command.
Casting: Wereblood (safe; 9% risk of failure)
Confirm with . or Enter, or press ? or * to list all spells.
Your blood is infused with primal strength.
You bite Ijyb!
Ijyb is heavily wounded.
Ijyb hits you with a +2 dagger of venom.
You are poisoned.
You barely miss Ijyb.
Ijyb is heavily wounded.
You feel very sick. Ijyb completely misses you.
You completely miss Ijyb.
Ijyb is heavily wounded.
You feel very sick.
Ijyb hits you with a +2 dagger of venom.
You are more poisoned.
You hit Ijyb.
Ijyb is heavily wounded.
Your transformation is almost over.
You feel extremely sick.
You barely miss Ijyb.
Ijyb is heavily wounded.
You feel extremely sick.
Ijyb hits you with a +2 dagger of venom.
You are lethally poisoned!
Your magical contamination has completely faded away.
You completely miss Ijyb.
Ijyb is heavily wounded.
You feel extremely sick.
Ijyb zaps a wand.
You suddenly lose the ability to move!
* * * LOW HITPOINT WARNING * * *
You feel extremely sick.
Ijyb hits you with a +2 dagger of venom.
* * * LOW HITPOINT WARNING * * *
You die...

.####....#...............####
.# ####.#.####........### .#
###.#.####.#...##...## ...
............#....###..## .##
...#.#.#.......#........ ##
...........#...#........
........#..#####........
.(....#.#### #........ .....
#s# ######### ....#.g.# ...
#.### .. ..# . ... .... ...
...


You could see Ijyb.

Vanquished Creatures
  Grinder (D:3)
  4 gnolls (D:2)
  7 adders
  A worm (D:2)
  2 dart slugs (D:1)
  An orc (D:3)
  2 ball pythons
  2 bats
  3 endoplasms
  A giant cockroach (D:1)
  6 hobgoblins
  8 jackals
  3 quokkas
  4 frilled lizards (D:2)
  3 goblins
  2 kobolds
  4 rats
54 creatures vanquished.

Vanquished Creatures (others)
  A plant (D:3)
1 creature vanquished.

Grand Total: 55 creatures vanquished

Notes
Turn   | Place    | Note
-------+----------+-------------------------------------------
     0 | D:1      | mandarbmax the Ogre Transmuter began the quest for the Orb.
     0 | D:1      | Reached XP level 1. HP: 19/19 MP: 3/3
   289 | D:1      | Reached XP level 2. HP: 22/28 MP: 3/5
   501 | D:1      | Reached skill level 3 in Unarmed Combat
   727 | D:1      | Reached XP level 3. HP: 17/35 MP: 7/7
   901 | D:1      | Learned a level 2 spell: Wereblood
   905 | D:1      | Learned a level 3 spell: Spider Form
  1287 | D:2      | Found a faded altar of an unknown god.
  1299 | D:2      | Reached XP level 4. HP: 27/44 MP: 4/8
  1308 | D:2      | Prayed at the altar of an unknown god.
  1308 | D:2      | Became a worshipper of the Wu Jian Council
  1308 | D:2      | Reached * piety under Wu Jian
  2423 | D:2      | Reached skill level 4 in Unarmed Combat
  2423 | D:2      | Reached XP level 5. HP: 48/53 MP: 5/9
  2528 | D:3      | Noticed Grinder
  2540 | D:3      | Paralysed by Grinder for 6 turns
  2552 | D:3      | Paralysed by Grinder for 7 turns
  2555 | D:3      | Killed Grinder
  2555 | D:3      | Reached ** piety under Wu Jian
  2556 | D:3      | Reached XP level 6. HP: 50/62 MP: 0/10
  2677 | D:3      | Reached skill level 5 in Unarmed Combat
  3157 | D:3      | Noticed Ijyb
  3159 | D:3      | Paralysed by Ijyb for 3 turns
  3168 | D:3      | Paralysed by Ijyb for 5 turns
  3170 | D:3      | Succumbed to Ijyb's poison

Illustrated notes

Levels and vault maps discovered:
D:1:      mrwooster_arrival_arrow, layout_rooms,
          nicolae_concentric_dashed_squares_wild, minmay_crystal_water,
          ebering_dispersal_statue_hall, chequers_arboretum
D:2:      layout_basic, dreamdust_ecumenical_altar_angels_and_demons
D:3:      layout_rooms, minivault_23, serial_park_tiny_2, grunt_ministairs_6,
          guppyfry_early_lair_pool, uniq_ijyb, uniq_grinder

Skill      XL: |  1  2  3  4  5  6 |
---------------+-------------------+-----
Dodging        | 2 |  2.0
Unarmed Combat | 3 4 5 |  5.1
Transmutations | 2 3 |  3.0
Fighting       | 2 3 4 |  4.3
Spellcasting   | 3 |  3.0

Action                   |  1- 3 |  4- 6 || total
-------------------------+-------+-------++-------
Melee: Unarmed           |    64 |    98 ||   162
       Kick              |     9 |       ||     9
       Headbutt          |     8 |     1 ||     9
       Punch             |     1 |       ||     1
 Cast: Beastly Appendage |    11 |     1 ||    12
       Spider Form       |     3 |    21 ||    24
       Wereblood         |       |    11 ||    11
Invok: Lunge             |       |    12 ||    12
       Whirlwind         |       |     1 ||     1
  Use: Scroll            |       |     2 ||     2
 Stab: Distracted        |       |     1 ||     1
       Sleeping          |       |     1 ||     1
Armor: Robe              |    13 |     6 ||    19
       Skin              |     1 |     2 ||     3
Dodge: Dodged            |    30 |    49 ||    79

Table legend: (Time is in decaauts)
 A = Elapsed time spent in this place.
 B = Non-inter-level travel time spent in this place.
 C = Inter-level travel time spent in this place.
 D = Time resting spent in this place.
 E = Time spent auto-exploring this place.
 F = Levels seen in this place.
 G = Mean time per level.
                   A        B        C        D        E       F      G
               +--------+--------+--------+--------+--------+-----+--------+
         Total |   3159 |   3101 |     58 |     37 |   2639 |   3 | 1053.0 |
       Dungeon |   3159 |   3101 |     58 |     37 |   2639 |   3 | 1053.0 |
               +--------+--------+--------+--------+--------+-----+--------+

Top non-repeatable levels by time:
     D:2: 1524 daAuts
     D:1: 980 daAuts
     D:3: 654 daAuts
